 Dungeon Crawl Stone Soup version 0.32-a0-470-g255bbe2 (webtiles) character file.

Game seed: 5348295977664074946

2 Dorkslayer the Slasher (level 1, -1/16 HPs)
             Began as a Coglin Gladiator on Feb 25, 2024.
             Slain by a hobgoblin (2 damage)
             ... on level 1 of the Dungeon.
             The game lasted 00:00:11 (22 turns).

Dorkslayer the Slasher (Coglin Gladiator)             Turns: 22, Time: 00:00:11

Health: -1/16      AC:  4    Str: 14    XL:     1   Next: 30%
Magic:  1/1        EV: 12    Int:  7    God:
Gold:   0          SH:  0    Dex: 15    Spells: 0/0 levels left

rFire   . . .        a - +0 long sword {Kun}
rCold   . . .        (no shield)
rNeg    . . .        b - +0 leather armour
rPois   .            c - +0 helmet
rElec   .            (no cloak)
rCorr   .            (no gloves)
SInv    .            (no boots)
Will    .....        (no amulet)
Stlth   +            (ring unavailable)
HPRegen 0.22/turn    (ring unavailable)
MPRegen 0.07/turn

%: no passive effects
@: revved
A: off-hand wielding, slow wielding, warmup strikes, no rings
a: no special abilities


You were on level 1 of the Dungeon.
You visited 1 branch of the dungeon, and saw 1 of its levels.

Inventory:

Hand Weapons
 a - a +0 long sword (weapon) {Kun}
Missiles
 d - 3 throwing nets (quivered)
 e - a javelin
Armour
 b - a +0 leather armour (worn)
 c - a +0 helmet (worn)


   Skills:
 + Level 2.0 Fighting
 + Level 3.1 Long Blades
 + Level 1.7 Throwing
 + Level 2.7 Dodging


You couldn't memorise any spells.
You didn't know any spells.
Your spell library was empty.

Dungeon Overview and Level Annotations

Branches:
Dungeon (1/15)

Altars:


Innate Abilities, Weirdness & Mutations

You can wield a second weapon in your off-hand.
It takes a long time for you to wield or remove held weapons.
Your first few attacks do less damage.
Your grasper-arms cannot wear rings.


Message History

The kobold shouts!
You hit the endoplasm.
The endoplasm is heavily wounded.
A hobgoblin comes into view.
The endoplasm freezes you.
You are frozen.
The hobgoblin shouts!
You hit the endoplasm.
The endoplasm is heavily wounded.
The endoplasm hits you but does no damage.
The endoplasm barely misses you.
You slash the endoplasm!
You kill the endoplasm!
You aren't carrying any potions.
You barely miss the hobgoblin.
The hobgoblin is severely wounded.
The hobgoblin misses you. The kobold hits you but does no damage.
You closely miss the hobgoblin.
The hobgoblin is severely wounded.
The hobgoblin hits you.
* * * LOW HITPOINT WARNING * * *
The kobold hits you with a +0 whip.
* * * LOW HITPOINT WARNING * * *
You hit the kobold but do no damage.
The hobgoblin hits you but does no damage.
The kobold misses you. The kobold hits you but does no damage.
The hobgoblin barely misses you.
The hobgoblin hits you but does no damage.
You slash the kobold!
You kill the kobold!
The hobgoblin barely misses you. x2
You hit the hobgoblin but do no damage.
The hobgoblin is severely wounded.
The hobgoblin hits you but does no damage.
The hobgoblin hits you.
* * * LOW HITPOINT WARNING * * *
You barely miss the hobgoblin.
The hobgoblin is severely wounded.
The hobgoblin hits you.
You die...

.....#.....
#..........
#.......... #
#..........
##.#..........
#.............
#.....)g...... #
#@....... ..
###g#+###.. ..~♣♣
♣~.K#.###..
.~~≈≈♣♣♣♣♣♣♣~~..K....#
♣≈~~~~~~~~~≈♣.......#
♣≈~~~~~~~~~♣♣.......#
♣♣~~~~<~~~~≈♣.......#
♣~~~~~~~~~♣♣........
♣≈~~~~~~~~~♣♣...#....


You could see 2 hobgoblins and a kobold.

Vanquished Creatures
  An endoplasm (D:1)
  A kobold (D:1)
2 creatures vanquished.

Notes
Turn   | Place    | Note
-------+----------+-------------------------------------------
     0 | D:1      | Dorkslayer the Coglin Gladiator began the quest for the
                  | Orb.
     0 | D:1      | Reached XP level 1. HP: 16/16 MP: 1/1
    22 | D:1      | Slain by a hobgoblin

Illustrated notes

Levels and vault maps discovered:
D:1:      reono_arrival_forest_river, layout_basic, serial_rivers,
          chequers_serial_rivers_large_b, chequers_serial_rivers_small_3,
          chequers_serial_rivers_micro_e, chequers_serial_rivers_small_a,
          chequers_serial_rivers_micro_d, minmay_cut_off

Action                     || total
---------------------------++-------
  Melee: Long sword        ||    13
 Armour: Leather armour    ||    15
  Dodge: Dodged            ||    10

Table legend: (Time is in decaauts)
 A = Elapsed time spent in this place.
 B = Non-inter-level travel time spent in this place.
 C = Inter-level travel time spent in this place.
 D = Time resting spent in this place.
 E = Time spent auto-exploring this place.
 F = Levels seen in this place.
 G = Mean time per level.
                   A        B        C        D        E       F      G
               +--------+--------+--------+--------+--------+-----+--------+
         Total |     28 |     28 |      0 |      0 |      5 |   1 |   28.0 |
       Dungeon |     28 |     28 |      0 |      0 |      5 |   1 |   28.0 |
               +--------+--------+--------+--------+--------+-----+--------+

Top non-repeatable levels by time:
     D:1: 28 daAuts
